Cogmind - Beta 13 @@@ ROGUE MODE // 2024.03.11 @ 22:53:59 Player: Slyfox Result: Destroyed by D-53 Grenadier with Mini Grenade Launcher Performance ------------- Evolutions (1) 500 Regions Visited (3) 600 Robots Destroyed (5) 25 Value Destroyed (98) 98 Prototype IDs (1) 20 Alien Tech Used (0) 0 Bonus (0) 0 TOTAL SCORE: 1243 Bonus ------- None Cogmind --------- Core Integrity 0/400 Matter 300/300 Energy 100/100 System Corruption 0% Temperature Cool (0) Movement Core (350) Ox6 Location -9/Mines Parts ------- > --- POWER (2) -------- (None) > --- PROPULSION (2) --- (None) > --- UTILITY (3) ------ Large Storage Unit Signal Interpreter > --- WEAPON (2) ------- (None) > --- INVENTORY (15) --- Light Treads Light Treads Medium Storage Unit Medium Storage Unit Large Storage Unit Weapon Shielding Beam Cannon Light Assault Rifle Peak State ------------ > --- POWER ------------ Ion Engine > --- PROPULSION ------- Aluminum Leg Aluminum Leg > --- UTILITY ---------- Large Storage Unit Signal Interpreter Splice Drone Bay > --- WEAPON ----------- Light Assault Rifle Grenade Launcher > --- INVENTORY -------- Light Treads Light Treads Medium Storage Unit Medium Storage Unit Large Storage Unit Weapon Shielding Beam Cannon Light Assault Rifle [Rating: 14] Favorites ----------- Power Ion Engine Engine Ion Engine Propulsion Aluminum Leg Leg Aluminum Leg Wheel Wheel Utility Large Storage Unit Device Splice Drone Bay Storage Large Storage Unit Processor Signal Interpreter Protection Weapon Shielding Weapon Light Assault Rifle Energy Gun Medium Laser Ballistic Gun Light Assault Rifle Launcher Grenade Launcher Build | -11 -10 -9 -9 ------- Run | Yrd Mat Mat Min Slots Evolved 2 | . . 2 . Power 1 | . . 1 . Propulsion . | . . . . Utility 1 | . . 1 . Weapon . | . . . . Parts Attached 14 | 6 2 4 2 Power 2 | 1 . 1 . Engine 2 | 1 . 1 . Core . | . . . . Reactor . | . . . . Propulsion 4 | 2 . 2 . Treads . | . . . . Leg 2 | . . 2 . Wheel 2 | 2 . . . Hover . | . . . . Flight . | . . . . Utility 5 | 1 2 1 1 Device 1 | . . . 1 Storage 2 | 1 1 . . Processor 1 | . . 1 . Hackware . | . . . . Protection 1 | . 1 . . Artifact . | . . . . Weapon 3 | 2 . . 1 Energy Gun 1 | 1 . . . Energy Cannon . | . . . . Ballistic Gun 1 | 1 . . . Ballistic Cannon . | . . . . Launcher 1 | . . . 1 Special Weapon . | . . . . Impact Weapon . | . . . . Slashing Weapon . | . . . . Piercing Weapon . | . . . . Special Melee Weapon . | . . . . Unidentified Prototypes 1 | . . . 1 Parts Lost 10 | . . 4 6 Power 2 | . . 1 1 Propulsion 4 | . . 2 2 Utility 1 | . . . 1 Weapon 3 | . . 1 2 Highest Loss Streak 6 | . . 4 6 To Critical Strikes . | . . . . Average Slot Usage (%) 87 | . 99 90 80 Engine 12 | . 14 17 9 Leg 12 | . . 10 20 Wheel 10 | . 28 11 . Device 2 | . . . 4 Storage 11 | . 14 11 11 Processor 7 | . . 11 11 Protection 8 | . 13 11 5 Energy Gun 5 | . 14 8 . Ballistic Gun 11 | . 14 11 9 Launcher 4 | . . . 9 Naked Turns . | . . . . Heaviest Build 37 | 13 29 32 37 Greatest Support 20 | 3 20 20 20 Greatest Overweight (x) 6 | 4 1 3 6 Average Overweight (x) . | 2 . 1 1 Largest Inventory Capacity 15 | 8 15 15 15 Average Capacity 12 | 7 10 15 15 Most Carried 11 | 6 11 10 9 Average Carried 7 | 3 8 8 7 Final Capacity 15 | 8 15 15 15 Final Carried 11 | 6 11 7 8 Class Distribution -------------------- 100% | Mutant Dominant Class ---------------- Mutant | -10/Materials Mutant | -9/Materials Mutant | -9/Mines Resources | -11 -10 -9 -9 ----------- Run | Yrd Mat Mat Min Matter Collected 323 | 206 91 . 26 Remotely . | . . . . Salvage Created 141 | . 141 . . Parts 13 | . 13 . . Haulers Intercepted . | . . . . Recyclers Shooed . | . . . . Parts Field Recycled . | . . . . Retrieved Matter . | . . . . Parts Self-Destructed . | . . . . Prevented . | . . . . Kills | -11 -10 -9 -9 ------- Run | Yrd Mat Mat Min Combat Hostiles Destroyed 5 | . 5 . . Guns 5 | . 5 . . Classes Destroyed 2 | . 2 . . Swarmer 3 | . 3 . . Grunt 2 | . 2 . . Best Kill Streak 3 | . 3 . . Combat Bots Only 3 | . 3 . . Max Kills in Single Turn 1 | . 1 . . Gunslinging . | . . . . Exploded . | . . . . Melee . | . . . . Uniques/NPCs Destroyed . | . . . . Combat | -11 -10 -9 -9 -------- Run | Yrd Mat Mat Min Hostile Shots Fired 95 | . 22 52 21 Missed 32 | . 7 24 1 Damage Taken 1487 | . 178 419 890 Core 456 | . 20 102 334 Absorbed by Shields . | . . . . Redirected to Shielding 46 | . 16 30 . Core Remaining (%) 96 | 100 92 . . Volleys Fired 22 | . 17 5 . Largest 2 | . 2 2 . Hottest 70 | . 70 70 . Shots Fired 42 | . 34 8 . Gun 42 | . 34 8 . Cannon . | . . . . Launcher . | . . . . Special . | . . . . Kinetic 22 | . 17 5 . Thermal 20 | . 17 3 . Explosive . | . . . . Electromagnetic . | . . . . Robot Hit Streak 5 | . 5 1 . Robot Miss Streak 3 | . 3 3 . Penetration Max . | . . . . Secondary Targets 1 | . 1 . . Max Gunslinging Chain 1 | . 1 . . Shots Hit Robots 23 | . 20 3 . Core Hits 8 | . 7 1 . Critical Kills . | . . . . Critical Parts Destroyed 1 | . 1 . . Critical Strikes 3 | . 3 . . Burn 2 | . 2 . . Destroy 1 | . 1 . . Melee Attacks . | . . . . Impact . | . . . . Slashing . | . . . . Piercing . | . . . . Sneak Attacks . | . . . . Combat Hostiles . | . . . . Follow-up Attacks . | . . . . Damage Inflicted 260 | . 219 41 . Guns 260 | . 219 41 . Cannons . | . . . . Explosions . | . . . . Melee . | . . . . Ramming . | . . . . Kinetic 86 | . 69 17 . Thermal 174 | . 150 24 . Explosive . | . . . . Electromagnetic . | . . . . Impact . | . . . . Slashing . | . . . . Piercing . | . . . . Highest Corruption . | . . . . Average Corruption . | . . . . Corruption Purged . | . . . . Corruption Blocked . | . . . . Overload Shots . | . . . . Overflow Damage . | . . . . Projectiles . | . . . . Explosions . | . . . . Melee . | . . . . Knockbacks . | . . . . Impact . | . . . . Kinetic . | . . . . Secondary . | . . . . Self-Inflicted Damage . | . . . . Shots . | . . . . Rammed . | . . . . Targets Rammed . | . . . . Kicked . | . . . . Crushed . | . . . . Highest Temperature 208 | . 208 75 . Average Temperature 77 | . 88 32 . Received Heat Transfer 185 | . 48 117 20 Siege Activations . | . . . . Robots Corrupted . | . . . . Combat Hostiles . | . . . . Parts Fried . | . . . . Impact Corruptions . | . . . . Robots Melted . | . . . . Combat Hostiles . | . . . . Parts Melted . | . . . . Heat Transferred 666 | . 592 74 . Parts Sabotaged . | . . . . Parts Stolen . | . . . . Parts Stripped . | . . . . Power Chain Reactions . | . . . . Alert | -11 -10 -9 -9 ------- Run | Yrd Mat Mat Min Peak Influence 155 | . 155 80 15 Initial 65 | . . 65 15 Average 27 | . 48 58 14 Maximum Alert Level . | . . . . Low Security (%) 100 | 100 100 100 100 Level 1 . | . . . . Level 2 . | . . . . Level 3 . | . . . . Level 4 . | . . . . Level 5 . | . . . . High Security . | . . . . Max Security . | . . . . Squads Dispatched 1 | . . 1 . Investigation . | . . . . Extermination . | . . . . Reinforcement 1 | . . 1 . Assault . | . . . . Garrison . | . . . . Intercept . | . . . . Searches Triggered . | . . . . Construction Impeded . | . . . . Haulers Reinforced . | . . . . Active Scanning Responses . | . . . . Cargo Convoy Interrupts . | . . . . Stealth | -11 -10 -9 -9 --------- Run | Yrd Mat Mat Min Distress Signals . | . . . . Communications Jammed . | . . . . Distress Signals . | . . . . Times Spotted 20 | . 8 2 10 Peak Tracking Total 5 | . 3 4 5 Tactical Retreats 1 | . 1 . . Traps | -11 -10 -9 -9 ------- Run | Yrd Mat Mat Min Traps Triggered 1 | . 1 . . Indirectly . | . . . . Trap Hack Attempts . | . . . . Triggered . | . . . . Disarmed . | . . . . Reprogrammed . | . . . . Reused . | . . . . Traps Extracted . | . . . . Installed . | . . . . Triggered . | . . . . Machines | -11 -10 -9 -9 ---------- Run | Yrd Mat Mat Min Machines Disabled . | . . . . Max in Single Turn . | . . . . Machines Repaired . | . . . . Machines Dismantled . | . . . . Machines Sabotaged . | . . . . Overloaded Fab Kills . | . . . . Hacking | -11 -10 -9 -9 --------- Run | Yrd Mat Mat Min Machines Accessed 1 | . . . 1 Terminals . | . . . . Fabricators . | . . . . Repair Stations . | . . . . Recycling Units . | . . . . Scanalyzers . | . . . . Garrison Access . | . . . . Total Hacks 1 | . . . 1 Successful 1 | . . . 1 Failed . | . . . . Catastrophic . | . . . . Database Lockouts . | . . . . Manual . | . . . . Terminals . | . . . . Fabricators . | . . . . Repair Stations . | . . . . Recycling Units . | . . . . Scanalyzers . | . . . . Garrison Access . | . . . . Terminal Hacks 1 | . . . 1 Open Door 1 | . . . 1 Fabricator Hacks . | . . . . Repair Station Hacks . | . . . . Recycling Unit Hacks . | . . . . Scanalyzer . | . . . . Garrison Access Hacks . | . . . . Unauthorized Hacks . | . . . . Terminals . | . . . . Fabricators . | . . . . Repair Stations . | . . . . Recycling Units . | . . . . Scanalyzers . | . . . . Garrison Access . | . . . . Data Cores Recovered . | . . . . Used . | . . . . Hacking Detections . | . . . . Full Trace Events . | . . . . Feedback Events . | . . . . Feedback Blocked . | . . . . Robot Schematics Acquired . | . . . . Robots Built . | . . . . Authchips . | . . . . Time . | . . . . Total Robot Build Rating . | . . . . Part Schematics Acquired . | . . . . Parts Built . | . . . . Authchips . | . . . . Time . | . . . . Total Part Build Rating . | . . . . Parts Repaired . | . . . . Time . | . . . . Parts Recycled . | . . . . Recycled Matter . | . . . . Retrieved Matter . | . . . . Retrieved Components . | . . . . Parts Scanalyzed . | . . . . Part Schematics Acquired . | . . . . Parts Damaged . | . . . . Bothacking | -11 -10 -9 -9 ------------ Run | Yrd Mat Mat Min Used RIF Installer . | . . . . Robots Hacked . | . . . . Non-combat . | . . . . Combat . | . . . . Robot Hacks Applied . | . . . . Relay Couplers Released . | . . . . Fabnet Peak Effective % . | . . . . Robots Rewired . | . . . . Allies Hacked . | . . . . Hacks Repelled . | . . . . Allies | -11 -10 -9 -9 -------- Run | Yrd Mat Mat Min Total Allies . | . . . . Largest Group . | . . . . Highest-Rated Group . | . . . . Highest-Rated Ally . | . . . . Total Orders . | . . . . Ally Attacks 1 | . . . 1 Total Damage 6 | . . . 6 Kills . | . . . . Allies Corrupted . | . . . . Allies Melted . | . . . . Intel | -11 -10 -9 -9 ------- Run | Yrd Mat Mat Min Robot Analysis Total . | . . . . Derelict Logs Recovered 1 | . . . 1 Drone Launches 1 | . . . 1 Drone Recoveries 1 | . . . 1 Exploration | -11 -10 -9 -9 ------------- Run | Yrd Mat Mat Min Turns Passed 680 | 90 172 107 311 Spaces Moved 411 | 38 139 73 161 Core 42 | 38 . . 4 Treads . | . . . . Legs 181 | . . 24 157 Wheels 188 | . 139 49 . Hover . | . . . . Flight . | . . . . Fastest Speed 50 | 50 80 95 120 Average Speed 143 | 194 83 126 190 Slowest Speed 350 | 250 95 190 350 Overloaded Moves . | . . . . Propulsion Burnouts . | . . . . Robots Hopped . | . . . . Cave-ins Triggered . | . . . . Exploration Rate (%) 24 | 4 21 13 61 Regions Visited 3 Branch Regions 1 Pre-discovered Areas . | . . . . Known Exits Taken 1 | . . 1 . Unknown Exits Taken 2 | 1 1 . . Scrap Searched . | . . . . Spaces Dug . | . . . . Terrain Destroyed . | . . . . Melee . | . . . . Projectile . | . . . . AOE . | . . . . Terrain Rammed . | . . . . Walls Destroyed . | . . . . Machines Disabled . | . . . . Actions | -11 -10 -9 -9 --------- Run | Yrd Mat Mat Min Total 466 | 55 164 81 166 Wait . | . . . . Move 408 | 37 138 72 161 Hop . | . . . . Pick Up 20 | 12 6 . 2 Fast Attach . | . . . . Attach 13 | 6 1 4 2 Detach 1 | . . . 1 Swap 1 | . 1 . . Drop 1 | . 1 . . Fire 22 | . 17 5 . Melee . | . . . . Ram . | . . . . Kick . | . . . . Crush . | . . . . Escape Stasis . | . . . . Rewire . | . . . . Trap . | . . . . Miscellaneous . | . . . . Route ------- -11/Scrapyard -10/Materials -9/Materials -9/Mines History --------- Turn | Location | Event 23 | -11/Scrapyard | Discovered new exit (range 15) 91 | -11/Scrapyard | Entered Materials 255 | -10/Materials | Discovered new exit (range 10) 263 | -10/Materials | Entered another Materials area 263 | -9/Materials | Evolved 2 slots: Power x1, Utility x1 304 | -9/Materials | Build established: Mutant 361 | -9/Materials | Discovered new exit (range 6) 368 | -9/Materials | Identified exit to Mines 370 | -9/Materials | Entered Mines 372 | -9/Mines | Lost 4 parts (1p2n1w) 383 | -9/Mines | YI-UF0 nonchalantly dropped a Grenade Launcher on the ground 524 | -9/Mines | Found the Drone Emporium 532 | -9/Mines | Found Prototype Device 534 | -9/Mines | Identified Splice Drone Bay 570 | -9/Mines | Assembled infested the area 575 | -9/Mines | Assisted by a Guerilla fighting off Assembled 607 | -9/Mines | Learned Materials machine intel 659 | -9/Mines | Core integrity fell below 50% 670 | -9/Mines | Core integrity fell below 20% 681 | -9/Mines | Destroyed by D-53 Grenadier with Mini Grenade Launcher Last Messages --------------- HV Slug penetrates as-55285. as-55285 knocked back. W2-15T(h) destroyed. Seismic Survey Station disabled. Ion Engine destroyed. Lgt. Assault Rifle destroyed. as-57596 destroyed. The unstable cave ceiling collapses. Grenade Launcher destroyed. The unstable cave ceiling collapses. Splice Drone Bay destroyed. The unstable cave ceiling collapses. as-39426 destroyed. as-58323 destroyed. as-93149 destroyed. Aluminum Leg destroyed. The unstable cave ceiling collapses. as-83071 destroyed. The unstable cave ceiling collapses. as-97318 destroyed. Map ----- +----------------------------------------------------+ | ##???????????####?????????????????? | | ## #?????????????????????????????????? | | ?## #######?????????????????????????????????? | | ??# #???????????????????????????????????????? | | ??# #???????????????????????????????????????? | | ??## ##???????????????????????????????????????? | | ???#####????????????????????????????????????????? | | ????????????????????????????????????????????????? | | ????????????????????????????????????????????????? | | ????????????????????????????????????????????????? | | # ##??????????????????????????????????????????? | | #???????? ??????????????????????????????? | | #??????? ??????????????????????????????? | | ? ? ?????????????????????????????? | | ?? ??##### #????????????????????????????? | | ???? ##???### #????????????????????????????? | | #????#???? #????????????????????????????? | | #?????????? ?????????????????????????????? | | ### #??????? ?????????????????????????????? | | #???????? ??????????????????????????????? | | #########?????# #??#####?##????????????????????? | | % #####?# #?## ## #######??????????????? | | " " # ### ## #??????????????? | | " ## # # #??????????????? | | """ # #??????????????? | | # # @ #?????????????? | | """ d d % #??????????????? | | """ #??????????????? | | """ " # # #%= ??????????? | | #####?? ????????? | | """ """ # # ##???????? #?????????? | | """ """ ## ##########???????????!#?????????? | | """ """ ## ##???????????????????????????????? | | ## #????????????????????????????????? | | ? ## #????????????????????????????????? | | #?######?## ##????????????????????????????????? | | ??????????#####?????????????????????????????????? | | ????????????????????????????????????????????????? | | ????????????????????????????????????????????????? | | ????????????????????????????????????????????????? | | ????????????????????????????????????????????????? | | | | | | | | | | | | | | | | | | | +----------------------------------------------------+ Best States ------------- Heat Dissipation 28 Energy Generation 15 Energy Capacity 275 Matter Stores 300 Matter Capacity 300 Sight Range 16 Terrain Scan Density 10 Weapon Shielding 33 Evasion (%) 55 Item Schematics ----------------- None Robot Schematics ------------------ None Fabricated ------------ Nothing Alien Tech Used ----------------- None Achievements -------------- None Challenges ------------ None Game ------ Seed VortexShrapnelPod Manual? 0 Play Time 00:16:34 Cumulative 7.5 hours Start 2024.03.11 @ 22:41:21 End 2024.03.11 @ 22:53:59 Sessions 1 Manual Loads 0 Difficulty Rogue Special Mode None Game No. 17 Rogue 17 Adventurer 0 Explorer 0 Win Type - Total 0 Types 0/0/0/0/0/0/0/0/0 Lore% 6 Gallery% 9 Achievement% 10 Wizard Run 0 Options --------- Layout 1 ASCII 0 Keyboard 0 Movement Mouse Keybinds 0 Fullscreen 1 Font 32/SmallcapsGlow Map View 50x35 Zoom Use 0% Tactical HUD 0 Map Filters NONE Filters NONE Steam 1 RUN: 6eeb14c8-624e-41af-89ab-146ecdf631ee